 Dungeon Crawl Stone Soup version 0.18-a0-1273-g8ec5f8e (webtiles) character file.

1871 M4edhros the Covert (level 9, 53/53 HPs)
             Began as an Octopode Artificer on Feb 8, 2016.
             Quit the game on level 7 of the Dungeon.
             The game lasted 00:10:56 (5706 turns).

M4edhros the Covert (Octopode Artificer)            Turns: 5706, Time: 00:10:56

Health: 53/53      AC:  9    Str: 11    XL:     9   Next: 13%
Magic:  22/22      EV: 19    Int: 19    God:
Gold:   299        SH:  0    Dex: 12    Spells: 0 memorised, 8 levels left

rFire  . . .     SeeInvis .     y - +1 flail (protect)
rCold  . . .     Gourm    .     (no shield)
rNeg   + . .     Faith    .     H - +1 hat
rPois  .         Spirit   .     (no amulet)
rElec  +         Dismiss  .     n - ring "Kiosemn" {rElec MP+9 Int+2}
rCorr  .         Reflect  .     v - +4 ring of evasion
SustAt .         Harm     .     x - ring of positive energy
MR     .....                    (no ring)
Stlth  ++++++....               (no ring)
                                (no ring)
                                (no ring)
                                (no ring)

@: not resistant to hostile enchantments, very stealthy
A: almost no armour, amphibious, 8 rings, constrict 8, thin metallic scales 1,
camouflage 1, blurry vision 1, screaming 1, gelatinous body 1, subdued magic 1
a: no special abilities


You were on level 7 of the Dungeon.
You were not hungry.

You visited 2 branches of the dungeon, and saw 8 of its levels.

You collected 299 gold pieces.

Inventory:

Hand Weapons
 a - a +0 short sword
 w - a +1 flail of draining
 y - a +1 flail of protection (weapon)
Missiles
 z - 16 sling bullets
 A - 114 stones (quivered)
Armour
 H - a +1 hat (worn)
Jewellery
 n - the ring "Kiosemn" (left tentacle) {rElec MP+9 Int+2}
   (You found it on level 4 of the Dungeon)

   [ring of intelligence]

   It affects your intelligence (+2).
   It insulates you from electricity.
   It affects your magic capacity (+9).
 v - a +4 ring of evasion (right tentacle)
 x - a ring of positive energy (on tentacle)
Wands
 b - a wand of flame (0/48)
 c - a wand of enslavement (13/24)
 d - a wand of random effects (14/48)
 o - a wand of paralysis (7/24)
 t - a wand of teleportation (1/9)
Scrolls
 h - 2 scrolls of random uselessness {unknown}
 j - 2 scrolls of remove curse {unknown}
 k - 3 scrolls of identify {unknown}
 l - a scroll of enchant armour {unknown}
 q - a scroll of teleportation {unknown}
 u - a scroll of immolation {unknown}
 B - 3 scrolls of noise {unknown}
 C - a scroll of magic mapping {unknown}
 E - a scroll of amnesia {unknown}
 F - a scroll of enchant weapon {unknown}
Potions
 e - a potion of might {unknown}
 i - 5 potions of degeneration {unknown}
 m - 2 potions of mutation {unknown}
 r - 3 potions of curing {unknown}
 s - a potion of heal wounds {unknown}
Books
 p - an Akashic Record

   Spells                             Type                      Level
   a - Dispersal                      Translocation                6
   b - Malign Gateway                 Summoning/Translocation      7
   c - Disjunction                    Translocation                8
   d - Controlled Blink               Translocation                8
 G - a book of Fire

   Spells                             Type                      Level
   a - Ignite Poison                  Fire/Transmutation/Poison    3
   b - Fireball                       Conjuration/Fire             5
   c - Bolt of Fire                   Conjuration/Fire             6
   d - Delayed Fireball               Conjuration/Fire             7
   e - Ring of Flames                 Charms/Fire                  7
Comestibles
 f - 5 bread rations
 g - 9 fruits
 D - 2 slices of pizza
 I - a meat ration
 J - a royal jelly


   Skills:
 - Level 1.0 Fighting
 - Level 1.0 Short Blades
 * Level 7.6 Dodging
 * Level 10.5 Stealth
 + Level 6.4 Evocations


You had 8 spell levels left.
You didn't know any spells.

Dungeon Overview and Level Annotations

Branches:
Dungeon (7/15)             Temple (1/1) D:7

Altars:
Elyvilon
Gozag
Kikubaaqudgha
Makhleb
Nemelex Xobeh
Pakellas
Ru
Sif Muna
Trog
Vehumet
Zin
Jiyva

Shops:
D:5 [   D:6 }

Annotations:
D:6 M4edhros's ghost, novice OpAr


Innate Abilities, Weirdness & Mutations

You cannot wear most types of armour.
You are amphibious.
You can wear up to eight rings at the same time.
You can use your tentacles to constrict eight enemies at once.
Your skin changes colour to match your surroundings (Stealth).
Your rubbery body absorbs attacks (AC +1).
You are partially covered in thin metallic scales (AC +2).
Scrolls take you a little longer to read.
You occasionally shout uncontrollably at your foes.
Your spells are a little easier to cast, but a little less powerful.


Message History

Found a sparkling altar of Nemelex Xobeh and a burning altar of Makhleb.
There is a staircase back to the Dungeon here.
Found a bloodstained altar of Trog and a viscous altar of Jiyva.
Found two altars.
There is a staircase back to the Dungeon here.
Done exploring.
(D) Dungeon (T) Temple
Where to? (Enter - D:6 @ (x,y), ? - help)
There is a staircase back to the Dungeon here.
You climb upwards.
Welcome back to the Dungeon!
There is a staircase to the Ecumenical Temple here.
(D) Dungeon (T) Temple
Where to? (Enter - D:7, ? - help)
You see here a quokka corpse.
There is a stone staircase leading down here.
Found 18 gold pieces.
You open the door.
The killer bee is too close now for your liking.
You now have 299 gold pieces (gained 18).
Are you sure you want to abandon this character and quit the game? (Confirm with "yes".)

#...........############.#
#...........# ###.....#.#
#........#..# #.......#.#
#......#.#..# #.#.#.....#
########.#..# # #.#.#####
#....#### #.#.#
##########......# #.#.#
#........#...##.#.#.#.#
##........##..##@#..<.?#+
..........##..##.##........#
..........##..##..'y.......#
§....†.......>...##y.......#
....####.........##........#
....# #.........##........#
##### #.........##........#
######+#####........# .


There were no monsters in sight!

Vanquished Creatures
  Pikel (D:5)
  Sigmund (D:5)
  A water moccasin (D:5)
  A sky beast (D:6)
  A necrophage (D:7)
  An ogre (D:5)
  A phantom (D:5)
  A crimson imp (D:5)
  2 centaur zombies (D:6)
  6 orc wizards
  A hound (D:5)
  4 giant frog skeletons
  2 orc priests (D:5)
  2 giant frog zombies (D:5)
  2 iguanas
  3 worker ants
  2 killer bee zombies (D:6)
  3 adders
  A shadow imp (D:5)
  An ooze (D:5)
  An adder zombie (D:6)
  2 worms
  2 giant geckos (D:1)
  21 orcs
  6 giant cockroaches
  2 hobgoblins (D:1)
  4 jackals (D:7)
  2 quokkas
  2 giant cockroach zombies
  A giant gecko zombie (D:6)
  3 giant newts
  2 goblins (D:1)
  A quokka zombie (D:6)
  4 rats
90 creatures vanquished.

Vanquished Creatures (collateral kills)
  An adder (D:5)
1 creature vanquished.

Vanquished Creatures (others)
  A hound skeleton (D:5)
  An orc (D:4)
  A giant newt (D:5)
3 creatures vanquished.

Grand Total: 94 creatures vanquished

Notes
Turn   | Place    | Note
--------------------------------------------------------------
     0 | D:1      | M4edhros the Octopode Artificer began the quest for the Orb.
     0 | D:1      | Reached XP level 1. HP: 13/13 MP: 3/3
   324 | D:1      | Reached XP level 2. HP: 13/18 MP: 4/4
   626 | D:3      | Reached XP level 3. HP: 20/23 MP: 5/5
   779 | D:4      | Got a heavily runed ivory ring
   780 | D:4      | Identified the ring "Kiosemn" {rElec MP+9 Int+2} (You found it on level 4 of the Dungeon)
   794 | D:4      | Found a radiant altar of Vehumet.
   794 | D:4      | Noticed an ogre
   816 | D:4      | Reached XP level 4. HP: 28/28 MP: 6/6
   915 | D:4      | Reached skill level 4 in Stealth
  1095 | D:4      | Reached XP level 5. HP: 18/33 MP: 8/8
  1347 | D:5      | Entered Level 5 of the Dungeon
  1347 | D:5      | Noticed Sigmund
  1454 | D:5      | Killed Sigmund
  1454 | D:5      | Reached skill level 5 in Stealth
  1454 | D:5      | Reached XP level 6. HP: 25/38 MP: 9/9
  1564 | D:5      | Reached skill level 6 in Stealth
  1582 | D:5      | Noticed a phantom
  1597 | D:5      | Killed a phantom
  1839 | D:5      | Noticed a phantom
  2118 | D:5      | Reached XP level 7. HP: 35/43 MP: 10/10
  2403 | D:5      | Reached skill level 7 in Stealth
  2647 | D:5      | Reached skill level 5 in Dodging
  2647 | D:5      | Reached skill level 5 in Evocations
  3285 | D:5      | Noticed Pikel
  3370 | D:6      | Found Keerigh's Gadget Emporium.
  3596 | D:5      | Killed Pikel
  3596 | D:5      | Reached skill level 9 in Stealth
  3596 | D:5      | Reached XP level 8. HP: 3/48 MP: 12/12
  4024 | D:5      | Found Nazeykh's Antique Armour Boutique.
  4168 | D:6      | Noticed M4edhros's ghost (novice OpAr)
  4757 | D:6      | Reached skill level 10 in Stealth
  4757 | D:6      | Reached XP level 9. HP: 28/53 MP: 13/13
  4818 | D:5      | Gained mutation: Your spells are a little easier to cast, but a little less powerful. [mutagenic meat]
  4819 | D:5      | Gained mutation: Scrolls take you a little longer to read. [mutagenic meat]
  4821 | D:5      | Gained mutation: You are partially covered in thin metallic scales (AC +2). [mutagenic meat]
  4822 | D:5      | Gained mutation: You occasionally shout uncontrollably at your foes. [mutagenic meat]
  4934 | D:6      | Found an opulent altar of Gozag.
  4934 | D:6      | Found a glowing silver altar of Zin.
  5560 | D:7      | Found a staircase to the Ecumenical Temple.
  5580 | Temple   | Entered the Ecumenical Temple
  5706 | D:7      | Quit the game

Vault maps used:
D:1:      denvon_arrival_waterhouse, minmay_misc_feat_cross
D:2:      grunt_temple_overflow_octagram
D:4:      kennysheep_little_box, first_bread
D:5:      serial_shops, nicolae_shop_temple_entry_statues_fountains,
          nrook_pool_corridor, roderic_bipointed_swastika, uniq_sigmund,
          uniq_pikel
D:6:      grunt_temple_overflow_gold_and_silver, serial_shops,
          nicolae_shop_crystal, serial_undead, serial_undead_f, serial_undead_b,
          serial_undead_a, serial_undead_e, serial_undead_b
D:7:      lemuel_mausoleum_altar_yredelemnul, minmay_temple_entry_purple_smoke,
          uniq_joseph, uniq_crazy_yiuf_cottage
Temple:   pf_slimified_temple

Action                   |  1- 3 |  4- 6 |  7- 9 || total
-------------------------+-------+-------+-------++-------
Melee: Short sword       |    42 |    66 |    20 ||   128
       Flail             |       |       |   197 ||   197
Evoke: Wand              |     2 |    15 |     4 ||    21
 Stab: Sleeping          |     8 |     4 |     9 ||    21
       Paralysed         |       |       |     8 ||     8
       Distracted        |       |       |     1 ||     1
  Eat: Chunk             |       |     3 |    17 ||    20
